 Dungeon Crawl Stone Soup version 0.23.2-40-g277498a001 (webtiles) character file.

Game seed: 8605735392203785352

7504 Aggronaut the Brawler (level 10, 0/88 HPs)
             Began as a Troll Monk on Sept 30, 2019.
             Was a Believer of the Shining One.
             Slain by a death yak (21 damage)
             ... on level 8 of the Dungeon on Oct 1, 2019.
             The game lasted 00:23:21 (7458 turns).

Aggronaut the Brawler (Troll Monk)                  Turns: 7458, Time: 00:23:21

Health: 0/88       AC:  9    Str: 23    XL:     10   Next: 95%
Magic:  9/9        EV: 10    Int:  6    God:    the Shining One [**....]
Gold:   467        SH:  3    Dex: 13    Spells: 9/9 levels left

rFire    + . .     SeeInvis .     - Unarmed
rCold    . . .     Gourm    +   (no shield)
rNeg     + . .     Faith    .   a - +1 robe
rPois    .         Spirit   .   x - +2 hat
rElec    .         Reflect  +   (no cloak)
rCorr    .         Harm     .   (gloves unavailable)
MR       .....                  (boots unavailable)
Stlth    +.........             i - +3 amulet of reflection
HPRegen  0.64/turn              f - ring of protection from fire
MPRegen  0.11/turn              (no ring)

@: about to teleport, glowing
A: large, unfitting armour, claws 3, fast metabolism 3, gourmand, regeneration
1, shaggy fur 1, tough skin 3
a: Divine Shield, Renounce Religion


You were on level 8 of the Dungeon.
You worshipped the Shining One.
The Shining One was pleased with you.
You were not hungry.

You visited 2 branches of the dungeon, and saw 9 of its levels.
You also visited: Ossuary.

You collected 467 gold pieces.

Inventory:

Hand Weapons
 t - the +3 battleaxe "Beastslayer" {drain, +Inv Int+4}
   (You found it on level 6 of the Dungeon)

   A truly terrible weapon, it drains the life of those it strikes.
   It affects your intelligence (+4).
   It lets you turn invisible.
   The Shining One disapproves of the use of such an item.
Armour
 a - a +1 robe (worn)
 x - a +2 hat (worn)
Jewellery
 f - a ring of protection from fire (left claw)
 i - a +3 amulet of reflection (around neck)
Wands
 j - a wand of iceblast (11)
 p - a wand of acid (3)
 r - a wand of paralysis (6)
Scrolls
 e - 6 scrolls of teleportation
 g - 10 scrolls of remove curse
 h - 2 scrolls of fear
 s - a scroll of random uselessness {unknown}
 u - a scroll of enchant armour
 y - a scroll of holy word {unknown}
Potions
 c - a potion of resistance
 d - 2 potions of magic
 k - a potion of agility
 l - 2 potions of might
 m - 5 potions of curing {unknown}
 o - 2 potions of flight
 q - 2 potions of heal wounds
 v - 2 potions of berserk rage {unknown}
 w - 2 potions of lignification {unknown}
Comestibles
 b - 22 rations


   Skills:
 - Level 2.4 Fighting
 - Level 2.4 Dodging
 - Level 1.0 Stealth
 + Level 16.1 Unarmed Combat


You had 9 spell levels left.
You didn't know any spells.
Your spell library was empty.

Dungeon Overview and Level Annotations

Branches:
Dungeon (8/15)             Temple (1/1) D:7
   Lair: D:8-11

Altars:
Ashenzari
Cheibriados
Dithmenos
Elyvilon
Fedhas
Gozag
Hepliaklqana
Kikubaaqudgha
Makhleb
Nemelex Xobeh
Okawaru
Ru
Sif Muna
Trog
Uskayaw
Wu Jian
Xom
Yredelemnul
Zin
The Shining One

Shops:
D:6 *

Annotations:
D:8 4 runed translucent doors, Joseph


Innate Abilities, Weirdness & Mutations

You are too large for most types of armour.
You have claws for hands.
Your metabolism is lightning-fast.
You like to eat raw meat.
Your natural rate of healing is unusually fast.
You are covered in fur. (AC +1)
You have extremely tough skin. (AC +3)


Message History

The death yak barely misses you.
You mangle the death yak!! Your claw misses the death yak.
The death yak is almost dead.
You mangle the death yak!!
You kill the death yak!
Your Unarmed Combat skill increases to level 16!
You claw the death yak!
The death yak is lightly wounded.
The death yak barely misses you.
You claw the death yak!
The death yak is moderately wounded.
The death yak gores you!!
* * * LOW HITPOINT WARNING * * *
You scratch the death yak.
The death yak is moderately wounded.
The yak snorts and paws the ground.
Okay, then.
As you read the scroll of teleportation, it crumbles to dust.
You feel strangely unstable. The death yak gores you!!
You die...

.##....#.#(....#.............
#.............######<#######
#...Y.....#..........(^.....
#.##........................
#..########..)..............
#...#######.[÷(..(..........
#...#.....#.....#.###########
#...#h....#######.# #....
#...+h.Hh.#.@.....# ....
#.Y.+hY(h.#Y#############....
#...+hHh..#.# #...Y.Y.# #+
#..Y+Yhh..#Y# #Y#####.####.
#..Y#Yh...#.# #.#......Y.##
#...#hY...#.#####.#.....##...
#...#######.......#..)..##.F#
##.....†Y...#####.#......#...
############ ###..^.^.##..


You could see a death yak and a yak.

Vanquished Creatures
  2 death yaks (D:8)
  2 two-headed ogres (D:8)
  2 hippogriffs (D:7)
  4 hogs (D:7)
  A human (D:7)
  A water moccasin (D:7)
  An orc warrior (D:7)
  An ice beast (D:7)
  5 sky beasts
  2 ogres (D:4)
  2 centaurs (D:6)
  2 big kobolds
  A gnoll sergeant (D:4)
  2 bullfrogs
  2 scorpions
  5 wights (D:7)
  A howler monkey (D:4)
  An electric eel (D:7)
  2 crimson imps
  A quasit (D:6)
  2 centaur zombies
  A human zombie (Ossuary)
  7 hounds
  5 gnoll shamans (D:4)
  8 orc priests
  A bullfrog skeleton (D:7)
  8 orc wizards
  2 iguanas
  8 worker ants
  2 big kobold zombies (Ossuary)
  A hound skeleton (D:5)
  2 mummies (Ossuary)
  Robin (D:3)
  45 gnolls
  12 adders
  A shadow imp (D:7)
  4 adder zombies
  3 oozes
  3 adder skeletons
  3 worms
  3 dart slugs
  4 leopard geckos
  37 orcs
  2 giant cockroaches
  42 goblins
  25 hobgoblins
  27 jackals
  5 quokkas
  2 ball pythons
  3 bats (D:3)
  4 frilled lizards
  A goblin zombie (Ossuary)
  8 hobgoblin zombies (Ossuary)
  2 jackal skeletons
  A jackal zombie (Ossuary)
  12 kobolds
  6 kobold zombies (Ossuary)
  2 leopard gecko skeletons (D:4)
  12 orc zombies (Ossuary)
  5 rats
  2 rat zombies (Ossuary)
364 creatures vanquished.

Vanquished Creatures (others)
  A giant cockroach (D:1)
1 creature vanquished.

Grand Total: 365 creatures vanquished

Notes
Turn   | Place    | Note
-------+----------+-------------------------------------------
     0 | D:1      | Aggronaut the Troll Monk began the quest for the Orb.
     0 | D:1      | Reached XP level 1. HP: 22/22 MP: 0/0
   101 | D:1      | Reached XP level 2. HP: 29/29 MP: 1/1
   203 | D:1      | Reached skill level 4 in Unarmed Combat
   412 | D:1      | Reached XP level 3. HP: 33/36 MP: 2/2
   654 | D:2      | Found a snail-covered altar of Cheibriados.
   813 | D:2      | Found a white marble altar of Elyvilon.
  1079 | D:2      | Found a hide-covered altar of Uskayaw.
  1215 | D:3      | Noticed Robin
  1292 | D:3      | Reached XP level 4. HP: 44/44 MP: 3/3
  1310 | D:3      | Reached skill level 5 in Unarmed Combat
  1402 | D:3      | Found an iron altar of Okawaru.
  1411 | D:3      | Reached XP level 5. HP: 43/50 MP: 4/4
  1434 | D:3      | Reached skill level 6 in Unarmed Combat
  1658 | D:3      | Reached XP level 6. HP: 59/59 MP: 5/5
  1670 | D:3      | Reached skill level 7 in Unarmed Combat
  2042 | D:3      | Reached skill level 8 in Unarmed Combat
  2042 | D:3      | Reached XP level 7. HP: 29/66 MP: 6/6
  2115 | D:3      | Found a blossoming altar of Fedhas.
  2661 | D:3      | Killed Robin
  2744 | D:4      | Reached skill level 9 in Unarmed Combat
  2846 | D:4      | Reached XP level 8. HP: 47/74 MP: 7/7
  3152 | D:4      | Noticed a moth of wrath
  3161 | D:4      | Found a bloodstained altar of Trog.
  3240 | D:4      | Reached skill level 10 in Unarmed Combat
  3247 | D:4      | Found a deep blue altar of Sif Muna.
  3474 | D:4      | Reached skill level 11 in Unarmed Combat
  3773 | D:4      | Found a basalt altar of Yredelemnul.
  4022 | D:5      | Entered Level 5 of the Dungeon
  4296 | D:5      | Reached XP level 9. HP: 76/80 MP: 8/8
  4463 | D:5      | Reached skill level 12 in Unarmed Combat
  4679 | D:6      | Found Qixyrif's General Store.
  4683 | D:6      | Got a jewelled battleaxe
  4687 | D:6      | Identified the +3 battleaxe "Beastslayer" {drain, +Inv
                  | Int+4} (You found it on level 6 of the Dungeon)
  4717 | D:6      | Found a sand-covered staircase.
  4726 | Ossuary  | Entered an ossuary
  5864 | D:7      | Reached skill level 13 in Unarmed Combat
  6229 | D:7      | Found a staircase to the Ecumenical Temple.
  6246 | Temple   | Entered the Ecumenical Temple
  6583 | D:7      | Reached skill level 14 in Unarmed Combat
  6617 | D:7      | Reached XP level 10. HP: 88/88 MP: 9/9
  6635 | D:7      | Found a glowing golden altar of the Shining One.
  6639 | D:7      | Found a bloodstained altar of Trog.
  6645 | D:7      | Became a worshipper of the Shining One
  6645 | D:7      | Reached * piety under the Shining One
  6645 | D:7      | Reached ** piety under the Shining One
  7121 | D:8      | Noticed Joseph
  7247 | D:8      | Found a huge runed translucent gate.
  7247 | D:8      | Found a huge runed translucent gate.
  7247 | D:8      | Found a huge runed translucent gate.
  7247 | D:8      | Noticed a death yak
  7248 | D:8      | Found a huge runed translucent gate.
  7248 | D:8      | Noticed a death yak
  7294 | D:8      | Found a shimmering altar of Xom.
  7294 | D:8      | Noticed a two-headed ogre
  7299 | D:8      | Killed a two-headed ogre
  7299 | D:8      | Reached skill level 15 in Unarmed Combat
  7312 | D:8      | Found a sacrificial altar of Ru.
  7319 | D:8      | Noticed a two-headed ogre
  7326 | D:8      | Killed a two-headed ogre
  7337 | D:8      | Noticed a death yak
  7356 | D:8      | Noticed a death yak
  7399 | D:8      | Noticed a death yak
  7402 | D:8      | Killed a death yak
  7445 | D:8      | Killed a death yak
  7445 | D:8      | Reached skill level 16 in Unarmed Combat
  7458 | D:8      | Slain by a death yak

Skill      XL: |  1  2  3  4  5  6  7  8  9 10 |
---------------+-------------------------------+-----
Unarmed Combat | 4 5 6 8 9 11 14 16 | 16.1
Fighting       | |  2.4
Dodging        | |  2.4
Stealth        | |  1.0

Action                   |  1- 3 |  4- 6 |  7- 9 | 10-12 || total
-------------------------+-------+-------+-------+-------++-------
Melee: Unarmed           |    98 |   192 |   515 |    68 ||   873
       Punch             |       |     5 |    29 |     6 ||    40
Invok: Divine Shield     |       |       |       |     1 ||     1
Evoke: Wand              |       |       |       |     3 ||     3
  Use: Scroll            |     6 |     1 |     7 |     2 ||    16
       Potion            |       |       |     2 |       ||     2
 Stab: Sleeping          |     2 |       |     3 |       ||     5
  Eat: Chunk             |    16 |     8 |    35 |     7 ||    66
       Ration            |       |       |     1 |       ||     1
Armor: Robe              |    37 |    63 |   186 |     7 ||   293
Dodge: Dodged            |    56 |   113 |   216 |    24 ||   409
Block: Other             |     5 |    24 |    58 |     4 ||    91
       Reflection        |       |     3 |     2 |       ||     5
